[Event "CZE-ch U16 2020"]
[Site "Kouty nad Desnou"]
[Date "2020.03.08"]
[Round "2.11"]
[White "Hosnedl, Matyas"]
[Black "Jirousek, Jan"]
[Result "1-0"]
[ECO "B13"]
[WhiteElo "1977"]
[BlackElo "1887"]
[Annotator "ChessBase"]
[PlyCount "99"]
[EventDate "2020.03.07"]
[EventCountry "CZE"]
[SourceTitle "playchess.com"]
[Source "ChessBase"]
[SourceQuality "1"]
[TimeControl "5400+30"]

1. e4 c6 2. d4 d5 3. exd5 cxd5 4. c4 Nf6 5. Nc3 Nc6 6. Nf3 Be6 7. Bg5 g6 8. c5 Bg7 9. Bb5 O-O 10. O-O Bg4 11. Bxc6 bxc6 12. h3 Bxf3 13. Qxf3 Rb8 14. Rab1 Rb4 15. Qd3 Qd7 16. Rfe1 Rfb8 17. b3 e6 18. Bf4 Rd8 19. Be5 Ne4 20. a3 Nxc3 21. Qxc3 Rb7 22. Bxg7 Kxg7 23. b4 a6 24. Qd3 Ra8 25. a4 Rab8 26. Qg3 Qc7 27. Qxc7 Rxc7 28. Rb3 Rcb7 29. Reb1 Kf6 30. g3 Ke7 31. Kg2 Kd7 32. Kf3 f6 33. Kf4 Ke7 34. h4 Kf7 35. g4 h6 36. g5 fxg5+ 37. hxg5 h5 38. Ke5 Ke7 39. Rf3 Rxb4 40. Rxb4 Rxb4 41. Rf6 Rb2 42. Rxe6+ Kf7 43. Rxc6 h4 44. Rf6+ Kg7 45. Rf4 h3 46. Rh4 Rxf2 47. Rxh3 Rf5+ 48. Kd6 Rf8 49. c6 Rd8+ 50. Ke7 1-0

[Event "CZE-ch U16 2020"]
[Site "Kouty nad Desnou"]
[Date "2020.03.08"]
[Round "2.12"]
[White "Vecera, Dominik"]
[Black "Habenicht, Martin"]
[Result "1-0"]
[ECO "B01"]
[WhiteElo "1814"]
[BlackElo "1970"]
[Annotator "ChessBase"]
[PlyCount "81"]
[EventDate "2020.03.07"]
[EventCountry "CZE"]
[SourceTitle "playchess.com"]
[Source "ChessBase"]
[SourceQuality "1"]
[TimeControl "5400+30"]

1. e4 d5 2. exd5 Nf6 3. d4 Bg4 4. Bb5+ Nbd7 5. f3 Bf5 6. c4 a6 7. Bxd7+ Qxd7 8. Ne2 h5 9. Nbc3 b5 10. b3 h4 11. Be3 e6 12. dxe6 fxe6 13. Qd2 Rd8 14. Rd1 Bb4 15. O-O bxc4 16. bxc4 Qc6 17. c5 Bxc5 18. Qb2 Bb6 19. Rc1 Qd7 20. Bf2 h3 21. g4 Bd3 22. Rfe1 O-O 23. Nf4 Bc4 24. Ng6 Bxd4 25. Nxf8 Rxf8 26. Red1 e5 27. Bxd4 exd4 28. Ne2 Qe6 29. Nxd4 Qe3+ 30. Qf2 Nxg4 31. Qxe3 Nxe3 32. Re1 Ng2 33. Re7 Bxa2 34. Rcxc7 Rf7 35. Rxf7 Bxf7 36. Nf5 Ne1 37. Kf2 Nd3+ 38. Kg3 Nb2 39. Ra7 Be6 40. Nxg7 Bc4 41. Nf5 1-0

[Event "CZE-ch U16 2020"]
[Site "Kouty nad Desnou"]
[Date "2020.03.09"]
[Round "3.1"]
[White "Nytra, Ondrej"]
[Black "Frank, Adam"]
[Result "0-1"]
[ECO "B09"]
[WhiteElo "2181"]
[BlackElo "2196"]
[Annotator "ChessBase"]
[PlyCount "78"]
[EventDate "2020.03.07"]
[EventCountry "CZE"]
[SourceTitle "playchess.com"]
[Source "ChessBase"]
[SourceQuality "1"]
[TimeControl "5400+30"]

1. e4 d6 2. d4 Nf6 3. Nc3 g6 4. f4 Bg7 5. Nf3 O-O 6. Bd3 Nc6 7. O-O e5 8. fxe5 dxe5 9. d5 Ne7 10. Bg5 h6 11. Bh4 Bg4 12. Qd2 Nh5 13. Bc4 Bxf3 14. Rxf3 g5 15. Be1 Nc8 16. g3 Nd6 17. Bb3 Nf6 18. Qe2 a6 19. a4 Qd7 20. Bf2 g4 21. Rd3 h5 22. a5 Nh7 23. Qd2 Qe7 24. Be3 Bf6 25. Qe2 Bg5 26. Bc5 Qf6 27. h4 gxh3 28. Qxh5 Qg6 29. Qxh3 Nf6 30. Qg2 Kg7 31. Rf1 Rh8 32. Bxd6 cxd6 33. Rdf3 Raf8 34. Nd1 Ng4 35. Rc3 Rh2 36. Qf3 Rfh8 37. Qxg4 Rh1+ 38. Kf2 R8h2+ 39. Ke1 Bd2# 0-1

[Event "CZE-ch U16 2020"]
[Site "Kouty nad Desnou"]
[Date "2020.03.09"]
[Round "3.2"]
[White "Vojta, Jakub"]
[Black "Neumann, Filip"]
[Result "1-0"]
[ECO "B39"]
[WhiteElo "2214"]
[BlackElo "2084"]
[Annotator "ChessBase"]
[PlyCount "111"]
[EventDate "2020.03.07"]
[EventCountry "CZE"]
[SourceTitle "playchess.com"]
[Source "ChessBase"]
[SourceQuality "1"]
[TimeControl "5400+30"]

1. Nf3 g6 2. e4 c5 3. c4 Bg7 4. d4 cxd4 5. Nxd4 Nc6 6. Be3 Nf6 7. Nc3 Ng4 8. Qxg4 Nxd4 9. Qd1 e5 10. Bd3 O-O 11. O-O d6 12. Qd2 Be6 13. Rac1 Qa5 14. Rfd1 Rfc8 15. b3 a6 16. Bf1 b5 17. cxb5 axb5 18. Bxd4 exd4 19. Nxb5 Rxc1 20. Qxc1 Qxa2 21. Nxd4 Bxd4 22. Rxd4 Qa1 23. Qxa1 Rxa1 24. Rxd6 Bxb3 25. Rd4 Bd1 26. Rd2 Bb3 27. f3 Bc4 28. Rf2 h5 29. g3 Kg7 30. Kg2 Bxf1+ 31. Rxf1 Ra2+ 32. Rf2 Ra5 33. Rb2 Ra7 34. f4 Ra4 35. Re2 Ra5 36. Kh3 Rb5 37. e5 Rb7 38. Kh4 Kh6 39. Rd2 Ra7 40. Rd6 Re7 41. Rf6 Kg7 42. Kg5 Re8 43. h3 Re7 44. Rd6 Ra7 45. g4 hxg4 46. hxg4 Ra5 47. Rd7 Rb5 48. Re7 Rb6 49. f5 gxf5 50. gxf5 Kf8 51. Ra7 Kg8 52. Rc7 f6+ 53. Kg6 fxe5+ 54. f6 Rb8 55. Rg7+ Kf8 56. Rh7 1-0

[Event "CZE-ch U16 2020"]
[Site "Kouty nad Desnou"]
[Date "2020.03.09"]
[Round "3.3"]
[White "Placer, Sebastian"]
[Black "Jun, Rudolf Jr."]
[Result "1-0"]
[ECO "E97"]
[WhiteElo "2189"]
[BlackElo "2104"]
[Annotator "ChessBase"]
[PlyCount "101"]
[EventDate "2020.03.07"]
[EventCountry "CZE"]
[SourceTitle "playchess.com"]
[Source "ChessBase"]
[SourceQuality "1"]
[TimeControl "5400+30"]

1. d4 Nf6 2. c4 g6 3. Nc3 Bg7 4. e4 d6 5. Nf3 O-O 6. Be2 e5 7. O-O Nc6 8. d5 Ne7 9. b4 Ne8 10. c5 h6 11. Nd2 f5 12. a4 Nf6 13. Qb3 Kh7 14. cxd6 cxd6 15. Ba3 f4 16. b5 Ne8 17. Rac1 g5 18. Qd1 Ng6 19. Bg4 Bxg4 20. Qxg4 f3 21. Nxf3 Rf4 22. Qg3 Nf6 23. Nd2 Rg4 24. Qe3 Rh4 25. Nf3 Rh5 26. Ne2 g4 27. Nd2 Rg5 28. Nc4 Ne8 29. Ng3 Bf8 30. Bb4 Qd7 31. Rc2 Nf4 32. Nxe5 dxe5 33. Bxf8 Rc8 34. Rxc8 Qxc8 35. Rc1 Qd7 36. Qxa7 h5 37. Qe3 Qf7 38. Bb4 Qg6 39. Be7 Nf6 40. Rc7 Kg8 41. Bxf6 Qxf6 42. Qa7 Rg7 43. Qxb7 Rxc7 44. Qxc7 Nd3 45. Qc8+ Kf7 46. Qf5 Qxf5 47. Nxf5 Nc5 48. a5 Nxe4 49. a6 Nc3 50. a7 Nxd5 51. a8=Q 1-0

[Event "CZE-ch U16 2020"]
[Site "Kouty nad Desnou"]
[Date "2020.03.09"]
[Round "3.5"]
[White "Vantuch, Lucian"]
[Black "Gnojek, Petr"]
[Result "0-1"]
[ECO "B00"]
[WhiteElo "1891"]
[BlackElo "2129"]
[Annotator "ChessBase"]
[PlyCount "92"]
[EventDate "2020.03.07"]
[EventCountry "CZE"]
[SourceTitle "playchess.com"]
[Source "ChessBase"]
[SourceQuality "1"]
[TimeControl "5400+30"]

1. e4 d6 2. d4 Nf6 3. f3 c5 4. Bb5+ Bd7 5. Bxd7+ Nbxd7 6. Ne2 cxd4 7. Nxd4 Rc8 8. O-O e6 9. b3 d5 10. exd5 Nxd5 11. c4 N5f6 12. Kh1 Bc5 13. Nc3 Ne5 14. Nce2 O-O 15. Bb2 Nc6 16. Nxc6 Rxc6 17. Qc2 Qe7 18. Rad1 Rd8 19. Ng3 Rxd1 20. Rxd1 Rd6 21. Bxf6 Qxf6 22. Ne4 Qb2 23. Qb1 Rxd1+ 24. Qxd1 Bf8 25. a4 h6 26. h3 Qe5 27. Qd2 f5 28. Qc3 Qxc3 29. Nxc3 Kf7 30. Kg1 Ke7 31. Kf1 Kd7 32. Ke2 Kc6 33. Kd3 a6 34. Ne2 Bc5 35. Kc3 a5 36. Nd4+ Kd6 37. Kd3 Bxd4 38. Kxd4 e5+ 39. Kd3 Kc5 40. g4 g6 41. h4 h5 42. g5 Kb4 43. Kc2 b6 44. Kb2 e4 45. fxe4 fxe4 46. Kc2 e3 0-1

[Event "CZE-ch U16 2020"]
[Site "Kouty nad Desnou"]
[Date "2020.03.09"]
[Round "3.6"]
[White "Mach, Petr"]
[Black "Janouch, Jachym Stepan"]
[Result "1-0"]
[ECO "D30"]
[WhiteElo "2045"]
[BlackElo "1888"]
[Annotator "ChessBase"]
[PlyCount "71"]
[EventDate "2020.03.07"]
[EventCountry "CZE"]
[SourceTitle "playchess.com"]
[Source "ChessBase"]
[SourceQuality "1"]
[TimeControl "5400+30"]

1. d4 d5 2. c4 e6 3. Nf3 a6 4. Bg5 Be7 5. Bxe7 Nxe7 6. e3 O-O 7. Nbd2 Nd7 8. Bd3 Nf6 9. O-O dxc4 10. Nxc4 b6 11. Rc1 Bb7 12. Nce5 Rc8 13. Qe2 b5 14. a4 c6 15. Nd2 Nd7 16. Nxd7 Qxd7 17. Nb3 Nd5 18. Nc5 Qe7 19. Be4 Rfd8 20. Bxd5 exd5 21. axb5 axb5 22. b4 Rd6 23. Ra1 h6 24. Ra7 Rc7 25. Rfa1 Kh7 26. Qc2+ Rg6 27. h4 h5 28. Qf5 Bc8 29. Rxc7 Qxc7 30. Qxh5+ Rh6 31. Qg5 f6 32. Qg3 Qf7 33. Ra8 Bf5 34. Qb8 Kg6 35. Ra7 Rh8 36. Qg3+ 1-0

[Event "CZE-ch U16 2020"]
[Site "Kouty nad Desnou"]
[Date "2020.03.09"]
[Round "3.7"]
[White "Vecera, Dominik"]
[Black "Hosnedl, Matyas"]
[Result "1/2-1/2"]
[ECO "C03"]
[WhiteElo "1814"]
[BlackElo "1977"]
[Annotator "ChessBase"]
[PlyCount "67"]
[EventDate "2020.03.07"]
[EventCountry "CZE"]
[SourceTitle "playchess.com"]
[Source "ChessBase"]
[SourceQuality "1"]
[TimeControl "5400+30"]

1. e4 e6 2. d4 d5 3. Nd2 a6 4. Bd3 c5 5. c3 cxd4 6. cxd4 dxe4 7. Nxe4 Bb4+ 8. Nc3 Nc6 9. Nf3 Nf6 10. O-O h6 11. Bf4 O-O 12. Rc1 Bd6 13. Be5 Nb4 14. Bb1 Bxe5 15. dxe5 Qxd1 16. Rfxd1 Nd7 17. Be4 f5 18. Bxb7 Bxb7 19. Rxd7 Bxf3 20. gxf3 Rfd8 21. Rcd1 Nc6 22. f4 g5 23. R7d6 Rxd6 24. Rxd6 Nd8 25. fxg5 hxg5 26. Na4 Kf7 27. Nc5 a5 28. Rd7+ Ke8 29. Rg7 Rc8 30. Nd7 Nf7 31. Nf6+ Ke7 32. Nh7 Rc4 33. h3 Ke8 34. Nf6+ 1/2-1/2

[Event "CZE-ch U16 2020"]
[Site "Kouty nad Desnou"]
[Date "2020.03.09"]
[Round "3.10"]
[White "Blaha, Marek"]
[Black "Krizek, Krystof"]
[Result "1/2-1/2"]
[ECO "C91"]
[WhiteElo "1836"]
[BlackElo "1947"]
[Annotator "ChessBase"]
[PlyCount "92"]
[EventDate "2020.03.07"]
[EventCountry "CZE"]
[SourceTitle "playchess.com"]
[Source "ChessBase"]
[SourceQuality "1"]
[TimeControl "5400+30"]

1. e4 e5 2. Nf3 Nc6 3. Bb5 a6 4. Ba4 Nf6 5. O-O Be7 6. Re1 b5 7. Bb3 O-O 8. c3 d6 9. d4 Bg4 10. a4 Re8 11. d5 Na5 12. Bc2 c5 13. dxc6 Qc7 14. Qe2 Qxc6 15. axb5 axb5 16. Bd3 Bd7 17. Bg5 h6 18. Bxf6 Bxf6 19. Na3 Nc4 20. Nxc4 bxc4 21. Bxc4 Qb6 22. b4 Rec8 23. Rxa8 Rxa8 24. Rb1 Rc8 25. Rc1 Be6 26. Bb5 d5 27. exd5 Bxd5 28. c4 e4 29. Nd2 Qxb5 30. Qf1 Qc6 31. b5 Qc5 32. Nb3 Bxc4 33. Nxc5 Bxf1 34. Kxf1 Bg5 35. Rc3 Bd2 36. Rc2 Bb4 37. b6 Bxc5 38. b7 Rb8 39. Rxc5 Rxb7 40. Ke2 Re7 41. Ke3 g6 42. g4 Kg7 43. h4 h5 44. gxh5 f5 45. hxg6 Kxg6 46. f3 exf3+ {Ke4} 1/2-1/2

[Event "CZE-ch U16 2020"]
[Site "Kouty nad Desnou"]
[Date "2020.03.09"]
[Round "3.11"]
[White "Nezval, Filip"]
[Black "Kolar, Jan"]
[Result "1-0"]
[ECO "E91"]
[WhiteElo "1940"]
[BlackElo "1760"]
[Annotator "ChessBase"]
[PlyCount "81"]
[EventDate "2020.03.07"]
[EventCountry "CZE"]
[SourceTitle "playchess.com"]
[Source "ChessBase"]
[SourceQuality "1"]
[TimeControl "5400+30"]

1. d4 Nf6 2. Nf3 g6 3. c4 Bg7 4. Nc3 O-O 5. e4 d6 6. Be2 Nc6 7. Bg5 h6 8. Bh4 e5 9. d5 Ne7 10. O-O g5 11. Bg3 Ng6 12. Rc1 Nh5 13. Nd2 Nhf4 14. Bf3 Nd3 15. Rc2 f5 16. exf5 Bxf5 17. Be4 Qd7 18. Bxf5 Qxf5 19. Nde4 Nb4 20. Re2 Nf4 21. Re3 Qd7 22. a3 Na6 23. b4 b6 24. Qc2 Nh5 25. Rb1 Nxg3 26. hxg3 Rf7 27. Qe2 Rd8 28. c5 Nb8 29. c6 Qc8 30. g4 Rdf8 31. Rh3 Rf4 32. f3 a6 33. Qd3 Qd8 34. Ne2 R4f7 35. Qc2 Qe7 36. N2g3 Qd8 37. Nf5 Kh8 38. Nxh6 Bxh6 39. Rxh6+ Kg7 40. Rh5 Rh8 41. Nxg5 1-0

[Event "CZE-ch U16 2020"]
[Site "Kouty nad Desnou"]
[Date "2020.03.09"]
[Round "4.1"]
[White "Frank, Adam"]
[Black "Vojta, Jakub"]
[Result "1/2-1/2"]
[ECO "B92"]
[WhiteElo "2196"]
[BlackElo "2214"]
[Annotator "ChessBase"]
[PlyCount "88"]
[EventDate "2020.03.07"]
[EventCountry "CZE"]
[SourceTitle "playchess.com"]
[Source "ChessBase"]
[SourceQuality "1"]
[TimeControl "5400+30"]

1. e4 c5 2. Nf3 d6 3. d4 cxd4 4. Nxd4 Nf6 5. Nc3 a6 6. Be2 e5 7. Nb3 Be7 8. Be3 O-O 9. O-O Qc7 10. Kh1 b5 11. f3 Be6 12. f4 Nbd7 13. f5 Bc4 14. Nd2 Bxe2 15. Nxe2 d5 16. c3 Rfd8 17. Qe1 Nxe4 18. Nxe4 dxe4 19. Ng3 Bh4 20. Bf2 Bxg3 21. Bxg3 Qc6 22. Rd1 Nc5 23. Bxe5 Rxd1 24. Qxd1 Nd3 25. Bd4 f6 26. Qe2 Qd5 27. h3 Re8 28. Rd1 Rd8 29. Rf1 b4 30. Qg4 Kh8 31. h4 bxc3 32. bxc3 Re8 33. h5 e3 34. h6 Qf7 35. Qe2 Nf2+ 36. Kg1 Qe7 37. Bxe3 Ng4 38. Qxg4 Qxe3+ 39. Rf2 Qxh6 40. Qd4 Qg5 41. c4 h5 42. Kh2 Re3 43. Qf4 Qxf4+ 44. Rxf4 Rc3 1/2-1/2

[Event "CZE-ch U16 2020"]
[Site "Kouty nad Desnou"]
[Date "2020.03.09"]
[Round "4.2"]
[White "Kusa, Jakub"]
[Black "Placer, Sebastian"]
[Result "1/2-1/2"]
[ECO "C03"]
[WhiteElo "2188"]
[BlackElo "2189"]
[Annotator "ChessBase"]
[PlyCount "60"]
[EventDate "2020.03.07"]
[EventCountry "CZE"]
[SourceTitle "playchess.com"]
[Source "ChessBase"]
[SourceQuality "1"]
[TimeControl "5400+30"]

1. e4 e6 2. d4 d5 3. Nd2 a6 4. Ngf3 c5 5. exd5 exd5 6. dxc5 Bxc5 7. Nb3 Bb6 8. Bd3 Qe7+ 9. Qe2 Nc6 10. Bg5 Qxe2+ 11. Bxe2 f6 12. Bd2 Bf5 13. c3 O-O-O 14. O-O Nge7 15. Rfe1 Rhe8 16. Bf1 Be4 17. Nfd4 Nxd4 18. Nxd4 Nf5 19. Be3 Nxd4 20. Bxd4 Bxd4 21. cxd4 Kd7 22. f3 Bf5 23. Rxe8 Rxe8 24. Rc1 Kd6 25. Kf2 Re7 26. g3 Re8 27. Be2 Rc8 28. Rxc8 Bxc8 29. Bd3 h6 30. Ke3 Bd7 {[%emt 0:04:09] Ke4 Ke5+} 1/2-1/2

[Event "CZE-ch U16 2020"]
[Site "Kouty nad Desnou"]
[Date "2020.03.09"]
[Round "4.3"]
[White "Gnojek, Petr"]
[Black "Nytra, Ondrej"]
[Result "0-1"]
[ECO "A08"]
[WhiteElo "2129"]
[BlackElo "2181"]
[Annotator "ChessBase"]
[PlyCount "106"]
[EventDate "2020.03.07"]
[EventCountry "CZE"]
[SourceTitle "playchess.com"]
[Source "ChessBase"]
[SourceQuality "1"]
[TimeControl "5400+30"]

1. Nf3 d5 2. g3 c5 3. Bg2 Nc6 4. d3 e5 5. Nbd2 Be6 6. e4 g6 7. O-O Bg7 8. Re1 Nge7 9. exd5 Bxd5 10. Nf1 f6 11. Ne3 Be6 12. a4 Qc7 13. c3 Rd8 14. Qe2 O-O 15. Nc4 Rd7 16. Be3 b6 17. Rad1 Rfd8 18. Qc2 Kh8 19. h3 e4 20. Bf4 Qc8 21. Rxe4 Bf5 22. Ree1 g5 23. Bc1 Qa6 24. Ne3 Bxd3 25. Qb3 c4 26. Qa3 Bf8 27. Bf1 Ng6 28. b4 Nge5 29. Nxe5 Nxe5 30. Bg2 Qc8 31. Qa2 h5 32. f4 gxf4 33. gxf4 Ng6 34. Qf2 Rg7 35. Kh2 Nxf4 36. Qh4 Bd6 37. Kh1 Nxg2 38. Nxg2 Bg3 39. Qxh5+ Rh7 40. Bh6 Bxe1 41. Rxe1 Rg8 42. Nf4 Qb7+ 43. Kh2 Qc7 44. Qh4 Qd8 45. a5 Bf5 46. Re2 bxa5 47. bxa5 Qd6 48. Kh1 Qd1+ 49. Re1 Be4+ 50. Kh2 Qd2+ 51. Re2 Qxe2+ 52. Nxe2 Rg2+ 53. Kh1 Rg4+ 0-1

[Event "CZE-ch U16 2020"]
[Site "Kouty nad Desnou"]
[Date "2020.03.09"]
[Round "4.4"]
[White "Barak, David"]
[Black "Mach, Petr"]
[Result "1/2-1/2"]
[ECO "D85"]
[WhiteElo "2114"]
[BlackElo "2045"]
[Annotator "ChessBase"]
[PlyCount "40"]
[EventDate "2020.03.07"]
[EventCountry "CZE"]
[SourceTitle "playchess.com"]
[Source "ChessBase"]
[SourceQuality "1"]
[TimeControl "5400+30"]

1. d4 Nf6 2. c4 g6 3. Nc3 d5 4. cxd5 Nxd5 5. e4 Nxc3 6. bxc3 Bg7 7. Nf3 c5 8. Rb1 O-O 9. Be2 cxd4 10. cxd4 Qa5+ 11. Bd2 Qxa2 12. O-O Bg4 13. Bg5 h6 14. Bh4 g5 15. Bg3 b6 16. Re1 Nc6 17. Ra1 Qb2 18. Rb1 Qa2 19. Ra1 Qb2 20. Rb1 Qa2 1/2-1/2

[Event "CZE-ch U16 2020"]
[Site "Kouty nad Desnou"]
[Date "2020.03.09"]
[Round "4.5"]
[White "Jun, Rudolf Jr."]
[Black "Nezval, Filip"]
[Result "1/2-1/2"]
[ECO "C47"]
[WhiteElo "2104"]
[BlackElo "1940"]
[Annotator "ChessBase"]
[PlyCount "119"]
[EventDate "2020.03.07"]
[EventCountry "CZE"]
[SourceTitle "playchess.com"]
[Source "ChessBase"]
[SourceQuality "1"]
[TimeControl "5400+30"]

1. e4 e5 2. Nf3 Nc6 3. Nc3 Nf6 4. d4 exd4 5. Nd5 d6 6. Nxd4 Be6 7. Bb5 Bd7 8. O-O Be7 9. Bxc6 bxc6 10. Nb4 c5 11. Nbc6 Bxc6 12. Nxc6 Qd7 13. Nxe7 Qxe7 14. Re1 O-O 15. f3 Rab8 16. Rb1 Qe6 17. b3 a5 18. Bb2 Nd7 19. f4 f5 20. exf5 Qxf5 21. Re7 Rf7 22. Rxf7 Qxf7 23. Qf3 a4 24. c4 Nb6 25. Re1 axb3 26. axb3 Re8 27. Rxe8+ Qxe8 28. h3 c6 29. f5 d5 30. f6 g6 31. Qf4 Nd7 32. b4 d4 33. bxc5 Qe1+ 34. Kh2 Qe5 35. Qxe5 Nxe5 36. Bxd4 Nd7 37. g4 g5 38. Kg3 Kf7 39. Kf3 Nxf6 40. Ke3 Ne8 41. Be5 Ke6 42. Bh8 Nc7 43. Ke4 Na6 44. Bd4 Nc7 45. Bc3 Ne8 46. Be5 Nf6+ 47. Kd4 Ne8 48. Bg3 Nf6 49. Be1 h5 50. Bd2 hxg4 51. hxg4 Nxg4 52. Bxg5 Nf6 53. Bf4 Kf5 54. Bd6 Ke6 55. Kd3 Kf5 56. Kc3 Ke4 57. Bf8 Nd7 58. Be7 Ne5 59. Bd6 Nd7 60. Be7 1/2-1/2

[Event "CZE-ch U16 2020"]
[Site "Kouty nad Desnou"]
[Date "2020.03.09"]
[Round "4.6"]
[White "Neumann, Filip"]
[Black "Vecera, Dominik"]
[Result "1/2-1/2"]
[ECO "B27"]
[WhiteElo "2084"]
[BlackElo "1814"]
[Annotator "ChessBase"]
[PlyCount "61"]
[EventDate "2020.03.07"]
[EventCountry "CZE"]
[SourceTitle "playchess.com"]
[Source "ChessBase"]
[SourceQuality "1"]
[TimeControl "5400+30"]

1. e4 c5 2. Nf3 g6 3. h4 h5 4. Bc4 Nc6 5. d4 cxd4 6. c3 e6 7. cxd4 d5 8. exd5 exd5 9. Qe2+ Nge7 10. Bb5 Bg7 11. Bg5 f6 12. Be3 Kf7 13. Nc3 Re8 14. O-O a6 15. Bd3 Bf5 16. Rac1 Nb4 17. Bxf5 Nxf5 18. a3 Nc6 19. Qd3 Nxe3 20. fxe3 Bh6 21. Rce1 f5 22. g3 Qd6 23. Kg2 Kg7 24. Nd2 Re7 25. b4 Rae8 26. Nd1 b5 27. Nb3 Na7 28. Nc5 Nc8 29. Rf3 Nb6 30. Re2 Nc4 31. Qc3 1/2-1/2

[Event "CZE-ch U16 2020"]
[Site "Kouty nad Desnou"]
[Date "2020.03.09"]
[Round "4.7"]
[White "Volak, Simon"]
[Black "Ret, Adam Josef"]
[Result "1/2-1/2"]
[ECO "A01"]
[WhiteElo "1937"]
[BlackElo "1999"]
[Annotator "ChessBase"]
[PlyCount "85"]
[EventDate "2020.03.07"]
[EventCountry "CZE"]
[SourceTitle "playchess.com"]
[Source "ChessBase"]
[SourceQuality "1"]
[TimeControl "5400+30"]

1. b3 d5 2. Bb2 c5 3. e3 Bf5 4. Nf3 e6 5. Bb5+ Nd7 6. O-O a6 7. Bxd7+ Qxd7 8. d3 Nf6 9. Nbd2 Be7 10. Qe2 O-O 11. Ne5 Qc7 12. e4 Bg6 13. Nxg6 hxg6 14. Nf3 dxe4 15. dxe4 Qc6 16. Rfe1 Rfd8 17. c4 Qc7 18. Be5 Qb6 19. Bc3 Qc7 20. e5 Ng4 21. Rad1 Nh6 22. Rxd8+ Rxd8 23. Rd1 Nf5 24. Rd3 Rxd3 25. Qxd3 Qd8 26. Qxd8+ Bxd8 27. Kf1 Ne7 28. Ke2 Nc6 29. Nd2 Bc7 30. f4 Kf8 31. Ne4 b6 32. a3 Ke7 33. Kd3 a5 34. g3 Bb8 35. Nf2 g5 36. Ke4 gxf4 37. gxf4 Bc7 38. Ng4 Kd7 39. Ne3 g6 40. h3 Bd8 41. Ng2 Ne7 42. Ne3 Nc6 43. Ng2 1/2-1/2

[Event "CZE-ch U16 2020"]
[Site "Kouty nad Desnou"]
[Date "2020.03.09"]
[Round "4.9"]
[White "Habenicht, Martin"]
[Black "Blaha, Marek"]
[Result "1/2-1/2"]
[ECO "A08"]
[WhiteElo "1970"]
[BlackElo "1836"]
[Annotator "ChessBase"]
[PlyCount "63"]
[EventDate "2020.03.07"]
[EventCountry "CZE"]
[SourceTitle "playchess.com"]
[Source "ChessBase"]
[SourceQuality "1"]
[TimeControl "5400+30"]

1. Nf3 d5 2. g3 c5 3. Bg2 Nc6 4. d4 cxd4 5. Nxd4 e5 6. Nxc6 bxc6 7. c4 Bb4+ 8. Bd2 Bxd2+ 9. Qxd2 Nf6 10. Qg5 O-O 11. O-O e4 12. Nc3 Bb7 13. Rfd1 Qb6 14. Rab1 h6 15. Qf4 Rad8 16. b4 dxc4 17. Rxd8 Rxd8 18. Nxe4 Nxe4 19. Qxe4 Qd4 20. Qxd4 Rxd4 21. Rc1 Rd2 22. Rxc4 Rxe2 23. Rc1 Rb2 24. a3 Rb3 25. Rd1 Kf8 26. Be4 Ke7 27. Rd3 Rxd3 28. Bxd3 Kd6 29. Bc4 f6 30. f4 c5 31. Kf2 cxb4 32. axb4 1/2-1/2

[Event "CZE-ch U16 2020"]
[Site "Kouty nad Desnou"]
[Date "2020.03.09"]
[Round "4.10"]
[White "Krizek, Krystof"]
[Black "Janouch, Jachym Stepan"]
[Result "1-0"]
[ECO "C60"]
[WhiteElo "1947"]
[BlackElo "1888"]
[Annotator "ChessBase"]
[PlyCount "89"]
[EventDate "2020.03.07"]
[EventCountry "CZE"]
[SourceTitle "playchess.com"]
[Source "ChessBase"]
[SourceQuality "1"]
[TimeControl "5400+30"]

1. e4 e5 2. Nf3 Nc6 3. Bb5 Nge7 4. Nc3 g6 5. h4 d6 6. d4 Bd7 7. Bg5 Bg7 8. Nd5 h6 9. Bf6 Bxf6 10. Nxf6+ Kf8 11. Nxd7+ Qxd7 12. d5 Qg4 13. dxc6 Qxe4+ 14. Qe2 Qxe2+ 15. Bxe2 Nxc6 16. O-O-O Kg7 17. c3 f5 18. Nd2 d5 19. Nb3 Ne7 20. Nc5 b6 21. Ne6+ Kf6 22. Nxc7 Rad8 23. Kb1 Rd7 24. Nb5 Nc6 25. Rd2 Rhd8 26. Rhd1 a6 27. Na3 b5 28. Nc2 g5 29. hxg5+ hxg5 30. Bf3 Ne7 31. Nb4 e4 32. Be2 a5 33. Nc2 b4 34. c4 Ke5 35. cxd5 Nxd5 36. Kc1 f4 37. Bc4 g4 38. Rxd5+ Rxd5 39. Rxd5+ Rxd5 40. Bxd5 Kxd5 41. Kd2 Kc4 42. b3+ Kd5 43. g3 Ke5 44. Ke2 e3 45. gxf4+ 1-0

[Event "CZE-ch U16 2020"]
[Site "Kouty nad Desnou"]
[Date "2020.03.09"]
[Round "4.12"]
[White "Kolar, Jan"]
[Black "Jirousek, Jan"]
[Result "1-0"]
[ECO "B15"]
[WhiteElo "1760"]
[BlackElo "1887"]
[Annotator "NA"]
[PlyCount "69"]
[EventDate "2020.03.07"]
[EventCountry "CZE"]
[SourceTitle "playchess.com"]
[Source "ChessBase"]
[SourceQuality "1"]
[TimeControl "5400+30"]

1. e4 c6 2. d4 d5 3. Nc3 dxe4 4. Nxe4 Nf6 5. Nxf6+ exf6 6. c3 Bd6 7. Bd3 O-O 8. Ne2 Re8 9. Qc2 {[%emt 0:00:24] B15: Caro-Kann: 3 Nc3: 3...g6 and 3...dxe4 4 Nxe4 Nf6 5 Nxf6+ exf6.} h5 {[%emt 0:04:01] 9...h5 scores better than 9...h6.} 10. Be3 Be6 11. O-O-O Qa5 {[%emt 0:01:48] [#]} 12. b3 $146 ({Predecessor:} 12. a3 Nd7 13. Kb1 b5 14. Nf4 Bxf4 15. Bxf4 Bd5 16. Rhg1 Nf8 17. g4 hxg4 18. Rxg4 {0-1 (65) Gutenev,A (2456)-Tomashevsky,E (2705) Sochi 2018}) 12... Nd7 13. Ng3 c5 14. Nf5 Bf8 15. h3 cxd4 16. Nxd4 Rac8 17. Bd2 Ne5 18. Bh7+ Kh8 19. Nxe6 fxe6 20. f4 Nc6 21. Kb1 Ne7 22. Be4 Qc7 23. Rhe1 b5 24. Bf3 g6 25. Rxe6 Bg7 $18 26. f5 Nxf5 27. Rxe8+ Rxe8 28. Bxh5 gxh5 29. Qxf5 Re5 30. Qf3 Qc8 31. g4 hxg4 32. hxg4 f5 33. Bg5 Re8 34. gxf5 Qxc3 35. Qh5+ 1-0

[Event "CZE-ch U16 2020"]
[Site "Kouty nad Desnou"]
[Date "2020.03.10"]
[Round "5.8"]
[White "Nezval, Filip"]
[Black "Hosnedl, Matyas"]
[Result "1-0"]
[ECO "A57"]
[WhiteElo "1940"]
[BlackElo "1977"]
[Annotator "ChessBase"]
[PlyCount "69"]
[EventDate "2020.03.07"]
[EventCountry "CZE"]
[SourceTitle "playchess.com"]
[Source "ChessBase"]
[SourceQuality "1"]
[TimeControl "5400+30"]

1. d4 Nf6 2. c4 c5 3. d5 b5 4. cxb5 a6 5. b6 g6 6. Nc3 Bg7 7. e4 d6 8. a4 Qxb6 9. Nf3 O-O 10. Nd2 Nfd7 11. Be2 f5 12. O-O Ne5 13. f4 c4+ 14. Kh1 Nd3 15. Nxc4 Nf2+ 16. Rxf2 Qxf2 17. Be3 Qh4 18. Nb6 Bb7 19. Nxa8 Bxa8 20. exf5 gxf5 21. Bf3 Nd7 22. Qe2 Nf6 23. Rd1 Ng4 24. Bg1 Qh6 25. g3 Qh5 26. Kg2 Qf7 27. Qxa6 Rb8 28. Qe2 Nf6 29. Rd2 Rb4 30. a5 Ne4 31. Nxe4 fxe4 32. Bxe4 Bxb2 33. Rxb2 Rxe4 34. Qg4+ Qg7 35. Rb8+ 1-0

[Event "CZE-ch U16 2020"]
[Site "Kouty nad Desnou"]
[Date "2020.03.10"]
[Round "5.10"]
[White "Blaha, Marek"]
[Black "Kolar, Jan"]
[Result "1/2-1/2"]
[ECO "C47"]
[WhiteElo "1836"]
[BlackElo "1760"]
[Annotator "NA RC"]
[PlyCount "61"]
[EventDate "2020.03.07"]
[EventCountry "CZE"]
[SourceTitle "playchess.com"]
[Source "ChessBase"]
[SourceQuality "1"]
[TimeControl "5400+30"]

1. e4 e5 2. Nf3 Nc6 3. Nc3 Nf6 4. d4 exd4 5. Nxd4 Bb4 6. Nxc6 bxc6 7. Bd3 d5 8. exd5 cxd5 9. O-O O-O 10. Bg5 c6 11. Qf3 Bd6 12. Rae1 Rb8 13. Nd1 h6 14. Bxf6 Qxf6 15. Qxf6 gxf6 16. b3 Be6 17. Ne3 Rfe8 18. Nf5 Bxf5 19. Bxf5 Rxe1 20. Rxe1 Kf8 21. Kf1 Re8 22. h3 Re5 23. Rxe5 fxe5 24. f3 h5 25. g4 hxg4 26. hxg4 Ke7 27. Ke2 Bc7 28. a4 a5 29. Kd3 Kd6 30. Bc8 f6 $11 31. Bf5 1/2-1/2